 Dungeon Crawl Stone Soup version 0.29-a0-234-g0dae59b3db (webtiles) character file.

Game seed: 14937674329477418171

44 HotDog the Skirmisher (level 3, 0/24 HPs)
             Began as a Gargoyle Fighter on Mar 2, 2022.
             Slain by a gnoll
             ... wielding a +2 spear of flaming
              (5 damage)
             ... on level 2 of the Dungeon.
             The game lasted 00:01:05 (1234 turns).

HotDog the Skirmisher (Gargoyle Fighter)            Turns: 1234, Time: 00:01:05

Health: 0/24       AC: 12    Str: 21    XL:     3   Next: 60%
Magic:  3/3        EV:  7    Int:  8    God:
Gold:   120        SH:  4    Dex:  9    Spells: 2/2 levels left

rFire   . . .      SeeInvis .   a - +1 flail
rCold   . . .      Faith    .   c - +0 buckler
rNeg    + . .      Spirit   .   g - +0 chain mail
rPois   ∞          Reflect  .   (no helmet)
rElec   +          Harm     .   (no cloak)
rCorr   .          Rampage  .   (no gloves)
Will    .....                   (no boots)
Stlth   ..........              (no amulet)
HPRegen 0.08/turn               (no ring)
MPRegen 0.08/turn               (no ring)

@: no status effects
A: sickness immunity, AC +3, negative energy resistance 1, electricity
resistance, torment resistance 1, petrification resistance
a: no special abilities


You were on level 2 of the Dungeon.
You visited 1 branch of the dungeon, and saw 2 of its levels.

You collected 120 gold pieces.

Inventory:

Hand Weapons
 a - a +1 flail (weapon)
Armour
 c - a +0 buckler (worn)
 g - a +0 chain mail (worn)
 h - a +0 tower shield
Scrolls
 b - a scroll of teleportation {unknown}
 f - 2 scrolls of vulnerability
Potions
 d - a potion of might
 e - a potion of curing {unknown}
 i - a potion of ambrosia {unknown}
 j - a potion of brilliance {unknown}
 k - a potion of flight {unknown}


   Skills:
 * Level 3.7 Fighting
 * Level 2.5 Maces & Flails
 * Level 3.6 Armour
 * Level 0.5 Dodging
 * Level 3.6 Shields


You had 2 spell levels left.
You didn't know any spells.
Your spell library was empty.

Dungeon Overview and Level Annotations

Branches:
Dungeon (2/15)

Altars:


Innate Abilities, Weirdness & Mutations

You are immune to sickness and miasma.
Your stone body is resilient. (AC +3)
You are immune to poison.
You resist negative energy. (rN+)
You are resistant to electric shocks. (rElec)
You are resistant to unholy torment.
You are immune to petrification.


Message History

No target in view!
No target in view!
No target in view!
No target in view!
k - a smoky grey potion
Found a hand axe.
A gnoll comes into view. It is wielding a +0 club.
The gnoll moves out of view.
A gnoll is nearby!
A gnoll is nearby!
You see here a +0 hand axe.
You hit the gnoll.
The gnoll is lightly wounded.
You block the gnoll's attack.
You sock the gnoll!
You kill the gnoll!
A gnoll comes into view. It is wielding a +2 spear of flaming.
A gnoll comes into view. It is wielding a +0 spear.
The gnoll shouts!
The gnoll hits the bush but does no damage.
There are monsters nearby!
The gnoll hits the plant with a +0 spear!
The plant begins to die.
The gnoll hits you from afar with a +2 spear of flaming!
The gnoll burns you.
There are monsters nearby!
The gnoll hits the plant with a +0 spear!
The gnoll hits you but does no damage.
There are monsters nearby!
You closely miss the gnoll.
The gnoll hits the plant with a +0 spear!
You block the gnoll's attack.
The gnoll hits the plant with a +0 spear.
There are monsters nearby!
You hit the gnoll.
The gnoll is heavily wounded.
The gnoll hits you with a +2 spear of flaming!
* * * LOW HITPOINT WARNING * * *
The gnoll burns you.
You die...

## #. .. .P
#Pg♣ #P♣P .#
#.##...♣♣ ♣.#
#....P.@♣♣
P..
......gP.♣♣.#
.######P...#
#)..## #..##
#)#########
#.........#
#..######.#
.#
#......##.##
#.#


You could see 2 gnolls.

Vanquished Creatures
  A gnoll (D:2)
  An adder (D:2)
  A dart slug (D:1)
  3 endoplasms (D:1)
  2 giant cockroaches (D:1)
  A goblin (D:1)
  2 hobgoblins
  3 kobolds
  3 ball pythons (D:1)
  5 bats (D:1)
  A frilled lizard (D:1)
  A rat (D:1)
24 creatures vanquished.

Vanquished Creatures (others)
  2 plants (D:2)
2 creatures vanquished.

Grand Total: 26 creatures vanquished

Notes
Turn   | Place    | Note
-------+----------+-------------------------------------------
     0 | D:1      | HotDog the Gargoyle Fighter began the quest for the Orb.
     0 | D:1      | Reached XP level 1. HP: 14/14 MP: 1/1
   299 | D:1      | Reached XP level 2. HP: 19/19 MP: 2/2
  1068 | D:2      | Reached XP level 3. HP: 19/24 MP: 3/3
  1234 | D:2      | Slain by a gnoll

Illustrated notes

Levels and vault maps discovered:
D:1:      heliophobic_arrival_ceremonial_halls, layout_basic
D:2:      layout_loops_ring, serial_shops, nicolae_diamond_shop, serial_forest,
          infiniplex_forest_clump_medium, infiniplex_forest_3_way,
          infiniplex_forest_clump_large, infiniplex_forest_clump_medium,
          infiniplex_forest_lined_room_, ebering_ecumenical_altar_webs,
          basic_altar

Action                   || total
-------------------------++-------
Melee: Flail             ||    67
  Use: Scroll            ||     3
Armor: Scale mail        ||    11
       Chain mail        ||    53
Dodge: Dodged            ||    26
Block: Buckler           ||    17

Table legend: (Time is in decaauts)
 A = Elapsed time spent in this place.
 B = Non-inter-level travel time spent in this place.
 C = Inter-level travel time spent in this place.
 D = Time resting spent in this place.
 E = Time spent auto-exploring this place.
 F = Levels seen in this place.
 G = Mean time per level.
                   A        B        C        D        E       F      G
               +--------+--------+--------+--------+--------+-----+--------+
         Total |   1254 |   1232 |     22 |      0 |   1020 |   2 |  627.0 |
       Dungeon |   1254 |   1232 |     22 |      0 |   1020 |   2 |  627.0 |
               +--------+--------+--------+--------+--------+-----+--------+

Top non-repeatable levels by time:
     D:1: 1077 daAuts
     D:2: 177 daAuts
